Thrashers vs Wild

Created - January 11 2008 at 20:26

Goals
1 2 3 T
Thrashers 0 0 1 1
Wild 1 2 3 6
Shots
1 2 3 T
Thrashers 15 8 11 34
Wild 6 17 13 36

Period #1

1. Wild , Rod Brind'Amour 18 (Brian Rolston, Chris Higgins) at 18:06

Penalties :
Rod Brind'Amour (MIN) for Hooking (Minor) at 2:43, Greg De Vries (ATL) for Holding (Minor) at 9:48, Chris Higgins (MIN) for Holding (Minor) at 13:31, Andy Sutton (ATL) for Interference (Minor) at 18:33

Period #2

2. Wild , Mikael Samuelsson 9 (Rod Brind'Amour, Michal Rozsival) at 14:13
3. Wild , Rod Brind'Amour 19 (Brian Rolston, Michal Rozsival) at 16:10

Penalties :
Patrick Marleau (ATL) for Tripping (Minor) at 1:28, Radek Martinek (ATL) for Hooking (Minor) at 1:39, Dan Boyle (ATL) for Interference (Minor) at 3:57, Brian Rolston (MIN) for High sticking (Minor) at 5:13, Manny Legace (MIN) for Delaying the game (Minor) at 6:43 - Duncan Keith served the penalty., Rod Brind'Amour (MIN) for Tripping (Minor) at 12:01, David Backes (ATL) for High sticking (Minor) at 12:03, Wade Redden (ATL) for Slashing (Minor) at 16:19

Period #3

4. Wild , Mikael Samuelsson 10 (Wes Walz) at 0:45
5. Thrashers , Patrick Marleau 21 (Dany Heatley, Brett Clark) at 1:10
6. Wild , Mathieu Schneider 6 (Rod Brind'Amour, Sean Hill) at 3:02 (PP)
7. Wild , Wes Walz 3 (Rod Brind'Amour, Mathieu Schneider) at 5:22

Penalties :
Wade Redden (ATL) for Hooking (Minor) at 1:51, Brett Clark (ATL) for Interference (Minor) at 3:18, Kim Johnsson (MIN) for Interference (Minor) at 5:59, Chris Simon (MIN) for Fighting (Major) at 8:40, Patrick Eaves (ATL) for Fighting (Major) at 8:40, Patrick Eaves (ATL) for Fighting (Major) at 8:40, Mikael Samuelsson (MIN) for Roughing (Minor) at 15:10

Goalie Stats

Henrik Lundqvist (ATL), 30 saves from 36 shots - (0.833), L, 32-12-3, 60:00 minutes
Manny Legace (MIN), 33 saves from 34 shots - (0.971), W, 23-12-2, 60:00 minutes

Players Stats

Thrashers
Player Name              G  A  P  +/- PIM S  H  SB FO MP 
-----------------------------------------------------------
Alexander Frolov         0  0  0  -3  0   2  0  0  0  18 
Andy Sutton              0  0  0   0  2   0  0  0  0  7  
Brendan Shanahan         0  0  0  -1  0   2  2  2  1  20 
Brett Clark              0  1  1   0  2   3  1  1  0  25 
Chris Kelly              0  0  0   0  0   1  1  1  16 12 
Dan Boyle                0  0  0  -3  2   4  0  0  0  15 
Dan Girardi              0  0  0  -3  0   1  1  2  0  21 
Dany Heatley             0  1  1   0  0   1  1  0  0  18 
David Backes             0  0  0   0  2   0  3  0  1  18 
Greg De Vries            0  0  0  -1  2   0  1  1  0  19 
Jay Mcclement            0  0  0  -1  0   6  0  0  28 21 
Justin Williams          0  0  0  -3  0   3  4  0  1  13 
Keith Tkachuk            0  0  0  -3  0   3  1  1  16 15 
Kyle Calder              0  0  0   0  0   0  0  1  3  7  
Patrick Eaves            0  0  0  -1  15  0  1  0  1  13 
Patrick Marleau          1  0  1   0  2   7  1  0  27 19 
Radek Martinek           0  0  0  -1  2   0  1  0  0  18 
Wade Redden              0  0  0   0  4   1  0  3  0  21 
Wild
Player Name              G  A  P  +/- PIM S  H  SB FO MP 
-----------------------------------------------------------
Brian Rolston            0  2  2   2  2   5  0  1  3  21 
Chris Higgins            0  1  1   1  2   3  1  0  3  17 
Chris Simon              0  0  0   2  5   0  2  0  0  12 
Duncan Keith             0  0  0   0  0   0  0  3  0  6  
Joe Sakic                0  0  0   0  0   6  2  1  36 20 
Jozef Stumpel            0  0  0   1  0   0  0  0  0  22 
Kim Johnsson             0  0  0   2  2   1  1  1  0  15 
Kurtis Foster            0  0  0   0  0   0  0  0  0  0  
Marian Gaborik           0  0  0   0  0   2  0  0  0  17 
Mathieu Schneider        1  1  2   1  0   4  0  1  0  19 
Michal Rozsival          0  2  2   1  0   2  1  2  0  24 
Mikael Samuelsson        2  0  2   2  2   6  0  0  1  15 
Niclas Havelid           0  0  0   2  0   0  1  2  0  15 
Patrick Rissmiller       0  0  0   0  0   0  0  0  0  7  
Philippe Boucher         0  0  0   1  0   2  0  1  0  24 
Rod Brind'Amour          2  3  5   2  4   3  0  0  26 24 
Sean Hill                0  1  1   1  0   0  1  3  0  23 
Wes Walz                 1  1  2   2  0   2  1  0  25 19 

3 Stars

1 - Rod Brind'Amour (MIN)
2 - Mikael Samuelsson (MIN)
3 - Wes Walz (MIN)

Power Play

Thrashers - 0 on 7 Attempt(s) - 0.00%
Wild - 1 on 9 Attempt(s) - 11.11%

Penalty Kill

Thrashers - 8 on 9 Attempt(s) - 88.89% - Score 0 goal in Penalty Kill
Wild - 7 on 7 Attempt(s) - 100.00% - Score 0 goal in Penalty Kill

Game Notes

3:57 of 2nd period - Penalty Shot by Chris Simon for Wild - Stopped by Henrik Lundqvist
Patrick Eaves beats up Chris Simon at 8:40 of 3rd period
Patrick Eaves ejected from game at 8:40 of 3rd period

Finance

Level 1 -- Attendance: 4502 (75.03%) -- Ticket Income $450,200.00
Level 2 -- Attendance: 3906 (78.11%) -- Ticket Income $234,360.00
Level 3 -- Attendance: 1399 (69.93%) -- Ticket Income $48,965.00
Level 4 -- Attendance: 3733 (93.32%) -- Ticket Income $74,660.00
Luxury Box -- Attendance: 968 (96.83%) -- Ticket Income $193,600.00
Game was played at the Xcel Energy Center
Total Attendance: 14508 (80.31%)
Total Ticket Income: $1,043,735.00
Other Income: $179,203.80
Total Income: $1,222,938.00


Play by Play

Period #1

0:01 of 1st period - Joe Sakic wins face-off versus Patrick Marleau in neutral zone.
0:03 of 1st period - Off-side.
0:04 of 1st period - Brian Rolston wins face-off versus Keith Tkachuk in neutral zone.
0:37 of 1st period - Shot by Justin Williams.
0:37 of 1st period - Stopped by Manny Legace without a rebound.
0:38 of 1st period - Patrick Marleau wins face-off versus Joe Sakic in Wild zone.
1:18 of 1st period - Shot by Patrick Marleau.
1:18 of 1st period - Stopped by Manny Legace with a rebound.
1:20 of 1st period - Shot by Wade Redden.
1:20 of 1st period - Shot Misses the Net.
2:43 of 1st period - Minor Penalty to Rod Brind'Amour for Hooking.
2:44 of 1st period - Keith Tkachuk wins face-off versus Wes Walz in neutral zone.
3:13 of 1st period - Shot by Alexander Frolov.
3:13 of 1st period - Shot Misses the Net.
3:17 of 1st period - Shot by Dan Boyle.
3:17 of 1st period - Shot Blocked by Sean Hill.
3:19 of 1st period - Shot by Keith Tkachuk.
3:19 of 1st period - Shot Hit the Post.
3:47 of 1st period - Shot by Dany Heatley.
3:47 of 1st period - Shot Misses the Net.
3:49 of 1st period - Shot by Wade Redden.
3:49 of 1st period - Stopped by Manny Legace with a rebound.
3:51 of 1st period - Shot by Dany Heatley.
3:51 of 1st period - Shot Misses the Net.
4:09 of 1st period - Shot by Dany Heatley.
4:09 of 1st period - Shot Blocked by Duncan Keith.
4:25 of 1st period - Shot by Dan Boyle.
4:25 of 1st period - Shot Blocked by Duncan Keith.
4:27 of 1st period - Shot by Dan Boyle.
4:27 of 1st period - Stopped by Manny Legace with a rebound.
4:31 of 1st period - Shot by Alexander Frolov.
4:31 of 1st period - Shot Blocked by Duncan Keith.
4:33 of 1st period - Shot by Alexander Frolov.
4:33 of 1st period - Shot Misses the Net.
4:37 of 1st period - Shot by Keith Tkachuk.
4:37 of 1st period - Stopped by Manny Legace without a rebound.
4:38 of 1st period - Patrick Marleau wins face-off versus Wes Walz in Wild zone.
4:41 of 1st period - Shot by Wade Redden.
4:41 of 1st period - Shot Misses the Net.
4:51 of 1st period - Shot by Wes Walz.
4:51 of 1st period - Shot Blocked by Chris Kelly.
4:53 of 1st period - Shot by Mikael Samuelsson.
4:53 of 1st period - Stopped by Henrik Lundqvist without a rebound.
4:54 of 1st period - Jay Mcclement wins face-off versus Wes Walz in Thrashers zone.
5:11 of 1st period - Kim Johnsson is hit by Patrick Eaves and loses puck.
5:24 of 1st period - Shot by Jay Mcclement.
5:24 of 1st period - Stopped by Manny Legace without a rebound.
5:25 of 1st period - Chris Higgins wins face-off versus Justin Williams in Wild zone.
5:33 of 1st period - Dan Girardi is hit by Sean Hill and loses puck.
6:24 of 1st period - Shot by Dany Heatley.
6:24 of 1st period - Stopped by Manny Legace without a rebound.
6:25 of 1st period - Joe Sakic wins face-off versus Jay Mcclement in Wild zone.
7:19 of 1st period - Icing by Michal Rozsival.
7:20 of 1st period - Joe Sakic wins face-off versus Patrick Marleau in Wild zone.
7:20 of 1st period - Joe Sakic is hit by Dany Heatley.
7:30 of 1st period - Shot by Brett Clark.
7:30 of 1st period - Shot Misses the Net.
7:34 of 1st period - Shot by Patrick Marleau.
7:34 of 1st period - Stopped by Manny Legace without a rebound.
7:35 of 1st period - Wes Walz wins face-off versus Keith Tkachuk in Wild zone.
7:35 of 1st period - Wes Walz is hit by Justin Williams.
7:53 of 1st period - Icing by Alexander Frolov.
7:54 of 1st period - Rod Brind'Amour wins face-off versus Keith Tkachuk in Thrashers zone.
8:15 of 1st period - Shot by Justin Williams.
8:15 of 1st period - Shot Blocked by Sean Hill.
9:03 of 1st period - Shot by Dany Heatley.
9:03 of 1st period - Shot Misses the Net.
9:18 of 1st period - Off-side.
9:19 of 1st period - Jay Mcclement wins face-off versus Wes Walz in neutral zone.
9:27 of 1st period - Mikael Samuelsson is hit by Greg De Vries and loses puck.
9:43 of 1st period - Mikael Samuelsson is hit by Radek Martinek.
9:48 of 1st period - Minor Penalty to Greg De Vries for Holding.
9:49 of 1st period - Chris Kelly wins face-off versus Joe Sakic in Thrashers zone.
10:12 of 1st period - Shot by Joe Sakic.
10:12 of 1st period - Shot Blocked by Kyle Calder.
10:50 of 1st period - Shot by Mathieu Schneider.
10:50 of 1st period - Stopped by Henrik Lundqvist without a rebound.
10:51 of 1st period - Joe Sakic wins face-off versus Jay Mcclement in Thrashers zone.
10:58 of 1st period - Shot by Philippe Boucher.
10:58 of 1st period - Shot Blocked by Wade Redden.
11:14 of 1st period - Shot by Philippe Boucher.
11:14 of 1st period - Shot Blocked by Brendan Shanahan.
11:18 of 1st period - Shot by Marian Gaborik.
11:18 of 1st period - Shot Blocked by Wade Redden.
11:20 of 1st period - Shot by Michal Rozsival.
11:20 of 1st period - Stopped by Henrik Lundqvist without a rebound.
11:21 of 1st period - Rod Brind'Amour wins face-off versus Jay Mcclement in Thrashers zone.
11:34 of 1st period - Shot by Chris Higgins.
11:34 of 1st period - Shot Misses the Net.
11:36 of 1st period - Shot by Rod Brind'Amour.
11:36 of 1st period - Shot Misses the Net.
11:38 of 1st period - Shot by Rod Brind'Amour.
11:38 of 1st period - Stopped by Henrik Lundqvist without a rebound.
11:39 of 1st period - Jay Mcclement wins face-off versus Rod Brind'Amour in Thrashers zone.
11:54 of 1st period - Kim Johnsson is hit by Justin Williams and loses puck.
12:05 of 1st period - Shot by Dan Boyle.
12:05 of 1st period - Stopped by Manny Legace without a rebound.
12:06 of 1st period - Patrick Marleau wins face-off versus Wes Walz in Wild zone.
12:39 of 1st period - Shot by Patrick Marleau.
12:39 of 1st period - Stopped by Manny Legace without a rebound.
12:40 of 1st period - Rod Brind'Amour wins face-off versus Chris Kelly in Wild zone.
13:21 of 1st period - Shot by Alexander Frolov.
13:21 of 1st period - Stopped by Manny Legace without a rebound.
13:22 of 1st period - Joe Sakic wins face-off versus Jay Mcclement in Wild zone.
13:31 of 1st period - Minor Penalty to Chris Higgins for Holding.
13:32 of 1st period - Rod Brind'Amour wins face-off versus Keith Tkachuk in Thrashers zone.
13:41 of 1st period - Shot by Keith Tkachuk.
13:41 of 1st period - Shot Misses the Net.
14:38 of 1st period - Shot by Patrick Marleau.
14:38 of 1st period - Shot Misses the Net.
14:40 of 1st period - Shot by Dan Girardi.
14:40 of 1st period - Stopped by Manny Legace without a rebound.
14:41 of 1st period - Rod Brind'Amour wins face-off versus Patrick Marleau in Wild zone.
15:35 of 1st period - Shot by Patrick Eaves.
15:35 of 1st period - Shot Misses the Net.
15:41 of 1st period - Shot by Brendan Shanahan.
15:41 of 1st period - Stopped by Manny Legace with a rebound.
15:43 of 1st period - Shot by Radek Martinek.
15:43 of 1st period - Shot Blocked by Niclas Havelid.
15:45 of 1st period - Shot by Jay Mcclement.
15:45 of 1st period - Shot Blocked by Kim Johnsson.
15:47 of 1st period - Shot by Jay Mcclement.
15:47 of 1st period - Stopped by Manny Legace without a rebound.
15:48 of 1st period - Chris Kelly wins face-off versus Joe Sakic in Wild zone.
15:51 of 1st period - Shot by Justin Williams.
15:51 of 1st period - Shot Misses the Net.
16:31 of 1st period - Shot by Jay Mcclement.
16:31 of 1st period - Stopped by Manny Legace without a rebound.
16:32 of 1st period - Wes Walz wins face-off versus Patrick Eaves in Wild zone.
17:35 of 1st period - Dany Heatley is hit by Niclas Havelid and loses puck.
18:04 of 1st period - Shot by Brian Rolston.
18:04 of 1st period - Shot Blocked by Keith Tkachuk.
18:06 of 1st period - Shot by Rod Brind'Amour.
18:06 of 1st period - Goal by Rod Brind'Amour - Thrashers : 0 - Wild : 1.
18:07 of 1st period - Chris Kelly wins face-off versus Joe Sakic in neutral zone.
18:12 of 1st period - Shot by Justin Williams.
18:12 of 1st period - Deflect By Chris Kelly.
18:12 of 1st period - Shot Blocked by Joe Sakic.
18:33 of 1st period - Minor Penalty to Andy Sutton for Interference.
18:34 of 1st period - Rod Brind'Amour wins face-off versus Jay Mcclement in Thrashers zone.
18:35 of 1st period - Shot by Mathieu Schneider.
18:35 of 1st period - Stopped by Henrik Lundqvist without a rebound.
18:36 of 1st period - Rod Brind'Amour wins face-off versus Chris Kelly in Thrashers zone.
18:38 of 1st period - Chris Higgins is hit by Dan Girardi and loses puck.
18:49 of 1st period - Shot by Mathieu Schneider.
18:49 of 1st period - Shot Hit the Post.

Period #2

0:01 of 2nd period - Kyle Calder wins face-off versus Joe Sakic in neutral zone.
0:03 of 2nd period - Off-side.
0:04 of 2nd period - Rod Brind'Amour wins face-off versus Jay Mcclement in neutral zone.
0:17 of 2nd period - Shot by Brian Rolston.
0:17 of 2nd period - Stopped by Henrik Lundqvist without a rebound.
0:18 of 2nd period - Joe Sakic wins face-off versus Kyle Calder in Thrashers zone.
0:28 of 2nd period - Icing by Philippe Boucher.
0:29 of 2nd period - Joe Sakic wins face-off versus Chris Kelly in Wild zone.
0:29 of 2nd period - Joe Sakic is hit by Chris Kelly.
0:37 of 2nd period - Shot by Chris Higgins.
0:37 of 2nd period - Stopped by Henrik Lundqvist without a rebound.
0:38 of 2nd period - Jay Mcclement wins face-off versus Wes Walz in Thrashers zone.
0:38 of 2nd period - Greg De Vries is hit by Chris Simon and loses puck.
0:55 of 2nd period - Shot by Mikael Samuelsson.
0:55 of 2nd period - Shot Blocked by Greg De Vries.
0:57 of 2nd period - Shot by Mikael Samuelsson.
0:57 of 2nd period - Stopped by Henrik Lundqvist without a rebound.
0:58 of 2nd period - Patrick Marleau wins face-off versus Joe Sakic in Thrashers zone.
1:28 of 2nd period - Minor Penalty to Patrick Marleau for Tripping.
1:29 of 2nd period - Rod Brind'Amour wins face-off versus Chris Kelly in Wild zone.
1:39 of 2nd period - Minor Penalty to Radek Martinek for Hooking.
1:40 of 2nd period - Rod Brind'Amour wins face-off versus Jay Mcclement in Thrashers zone.
3:00 of 2nd period - Shot by Philippe Boucher.
3:00 of 2nd period - Stopped by Henrik Lundqvist with a rebound.
3:02 of 2nd period - Shot by Philippe Boucher.
3:02 of 2nd period - Shot Misses the Net.
3:04 of 2nd period - Shot by Joe Sakic.
3:04 of 2nd period - Stopped by Henrik Lundqvist without a rebound.
3:05 of 2nd period - Chris Kelly wins face-off versus Joe Sakic in Thrashers zone.
3:43 of 2nd period - Wes Walz is hit by Keith Tkachuk and loses puck.
3:57 of 2nd period - Minor Penalty to Dan Boyle for Interference.
3:57 of 2nd period - Penalty Shot by Chris Simon for Wild.
3:57 of 2nd period - Stopped by Henrik Lundqvist.
3:58 of 2nd period - Patrick Marleau wins face-off versus Wes Walz in Thrashers zone.
4:05 of 2nd period - Shot by Dany Heatley.
4:05 of 2nd period - Shot Misses the Net.
4:10 of 2nd period - Mikael Samuelsson is hit by David Backes and loses puck.
4:17 of 2nd period - Shot by Mikael Samuelsson.
4:17 of 2nd period - Shot Blocked by Wade Redden.
5:07 of 2nd period - Shot by Brian Rolston.
5:07 of 2nd period - Shot Misses the Net.
5:13 of 2nd period - Minor Penalty to Brian Rolston for High sticking.
5:14 of 2nd period - Wes Walz wins face-off versus Keith Tkachuk in Thrashers zone.
5:34 of 2nd period - Off-side.
5:35 of 2nd period - Patrick Marleau wins face-off versus Wes Walz in neutral zone.
5:58 of 2nd period - Shot by Dany Heatley.
5:58 of 2nd period - Shot Misses the Net.
6:43 of 2nd period - Shot by Brett Clark.
6:43 of 2nd period - Stopped by Manny Legace without a rebound.
6:43 of 2nd period - Minor Penalty to Manny Legace for Delaying the game.
6:44 of 2nd period - Keith Tkachuk wins face-off versus Joe Sakic in Wild zone.
7:01 of 2nd period - Shot by Dan Boyle.
7:01 of 2nd period - Shot Blocked by Michal Rozsival.
7:03 of 2nd period - Shot by Keith Tkachuk.
7:03 of 2nd period - Deflect By Alexander Frolov.
7:03 of 2nd period - Stopped by Manny Legace without a rebound.
7:04 of 2nd period - Rod Brind'Amour wins face-off versus Patrick Marleau in Wild zone.
8:01 of 2nd period - Shot by Dan Boyle.
8:01 of 2nd period - Stopped by Manny Legace without a rebound.
8:02 of 2nd period - Wes Walz wins face-off versus Patrick Marleau in Wild zone.
8:59 of 2nd period - Shot by Mikael Samuelsson.
8:59 of 2nd period - Stopped by Henrik Lundqvist without a rebound.
9:00 of 2nd period - Jay Mcclement wins face-off versus Joe Sakic in Thrashers zone.
9:11 of 2nd period - Icing by Radek Martinek.
9:12 of 2nd period - Rod Brind'Amour wins face-off versus Brendan Shanahan in Thrashers zone.
9:49 of 2nd period - Sean Hill is hit by Justin Williams.
9:55 of 2nd period - Shot by Justin Williams.
9:55 of 2nd period - Stopped by Manny Legace without a rebound.
9:56 of 2nd period - Joe Sakic wins face-off versus Patrick Marleau in Wild zone.
10:03 of 2nd period - Shot by Marian Gaborik.
10:03 of 2nd period - Shot Blocked by Brett Clark.
10:45 of 2nd period - Michal Rozsival is hit by Justin Williams and loses puck.
10:50 of 2nd period - Shot by Chris Kelly.
10:50 of 2nd period - Stopped by Manny Legace without a rebound.
10:51 of 2nd period - Wes Walz wins face-off versus Jay Mcclement in Wild zone.
10:51 of 2nd period - Wes Walz is hit by Brendan Shanahan.
11:53 of 2nd period - Shot by Rod Brind'Amour.
11:53 of 2nd period - Deflect By Chris Higgins.
11:53 of 2nd period - Shot Misses the Net.
12:01 of 2nd period - Minor Penalty to Rod Brind'Amour for Tripping.
12:02 of 2nd period - Joe Sakic wins face-off versus Keith Tkachuk in neutral zone.
12:02 of 2nd period - Duncan Keith is hit by David Backes and loses puck.
12:03 of 2nd period - Minor Penalty to David Backes for High sticking.
12:04 of 2nd period - Jay Mcclement wins face-off versus Joe Sakic in neutral zone.
12:29 of 2nd period - Shot by Jay Mcclement.
12:29 of 2nd period - Stopped by Manny Legace without a rebound.
12:30 of 2nd period - Patrick Marleau wins face-off versus Chris Higgins in Wild zone.
12:31 of 2nd period - Shot by Dan Boyle.
12:31 of 2nd period - Stopped by Manny Legace without a rebound.
12:32 of 2nd period - Patrick Marleau wins face-off versus Chris Higgins in Wild zone.
12:43 of 2nd period - Shot by Greg De Vries.
12:43 of 2nd period - Shot Blocked by Brian Rolston.
12:59 of 2nd period - Shot by Brian Rolston.
12:59 of 2nd period - Stopped by Henrik Lundqvist without a rebound.
13:00 of 2nd period - Joe Sakic wins face-off versus Jay Mcclement in Thrashers zone.
13:07 of 2nd period - Shot by Joe Sakic.
13:07 of 2nd period - Stopped by Henrik Lundqvist without a rebound.
13:08 of 2nd period - Joe Sakic wins face-off versus Jay Mcclement in Thrashers zone.
13:15 of 2nd period - Shot by Brian Rolston.
13:15 of 2nd period - Shot Misses the Net.
13:17 of 2nd period - Shot by Joe Sakic.
13:17 of 2nd period - Stopped by Henrik Lundqvist without a rebound.
13:18 of 2nd period - Joe Sakic wins face-off versus Patrick Marleau in Thrashers zone.
13:23 of 2nd period - Shot by Joe Sakic.
13:23 of 2nd period - Deflect By Marian Gaborik.
13:23 of 2nd period - Stopped by Henrik Lundqvist without a rebound.
13:24 of 2nd period - Joe Sakic wins face-off versus Jay Mcclement in Thrashers zone.
13:27 of 2nd period - Shot by Joe Sakic.
13:27 of 2nd period - Stopped by Henrik Lundqvist with a rebound.
13:40 of 2nd period - Shot by Joe Sakic.
13:40 of 2nd period - Shot Misses the Net.
14:13 of 2nd period - Shot by Mikael Samuelsson.
14:13 of 2nd period - Goal by Mikael Samuelsson - Thrashers : 0 - Wild : 2.
14:14 of 2nd period - Patrick Marleau wins face-off versus Rod Brind'Amour in neutral zone.
14:36 of 2nd period - Shot by Dany Heatley.
14:36 of 2nd period - Shot Blocked by Mathieu Schneider.
14:40 of 2nd period - Shot by Patrick Marleau.
14:40 of 2nd period - Shot Misses the Net.
14:42 of 2nd period - Shot by Brett Clark.
14:42 of 2nd period - Stopped by Manny Legace without a rebound.
14:43 of 2nd period - Keith Tkachuk wins face-off versus Wes Walz in Wild zone.
14:56 of 2nd period - Shot by Justin Williams.
14:56 of 2nd period - Shot Misses the Net.
15:22 of 2nd period - Shot by Kim Johnsson.
15:22 of 2nd period - Stopped by Henrik Lundqvist without a rebound.
15:23 of 2nd period - Jay Mcclement wins face-off versus Rod Brind'Amour in Thrashers zone.
15:56 of 2nd period - Shot by Jozef Stumpel.
15:56 of 2nd period - Shot Misses the Net.
16:08 of 2nd period - Shot by Brian Rolston.
16:08 of 2nd period - Shot Blocked by Brendan Shanahan.
16:10 of 2nd period - Shot by Rod Brind'Amour.
16:10 of 2nd period - Goal by Rod Brind'Amour - Thrashers : 0 - Wild : 3.
16:11 of 2nd period - Wes Walz wins face-off versus Patrick Marleau in neutral zone.
16:19 of 2nd period - Minor Penalty to Wade Redden for Slashing.
16:20 of 2nd period - Chris Kelly wins face-off versus Rod Brind'Amour in Thrashers zone.
16:40 of 2nd period - Off-side.
16:41 of 2nd period - Joe Sakic wins face-off versus Jay Mcclement in neutral zone.
16:44 of 2nd period - Greg De Vries is hit by Joe Sakic and loses puck.
17:37 of 2nd period - Shot by Chris Higgins.
17:37 of 2nd period - Stopped by Henrik Lundqvist with a rebound.
17:51 of 2nd period - Shot by Brian Rolston.
17:51 of 2nd period - Stopped by Henrik Lundqvist with a rebound.
18:17 of 2nd period - Shot by Philippe Boucher.
18:17 of 2nd period - Stopped by Henrik Lundqvist without a rebound.
18:18 of 2nd period - Joe Sakic wins face-off versus Kyle Calder in Thrashers zone.
18:28 of 2nd period - Icing by Wade Redden.
18:29 of 2nd period - Patrick Marleau wins face-off versus Mikael Samuelsson in Thrashers zone.

Period #3

0:01 of 3rd period - Joe Sakic wins face-off versus Patrick Marleau in neutral zone.
0:01 of 3rd period - Jozef Stumpel is hit by David Backes and loses puck.
0:22 of 3rd period - Icing by Michal Rozsival.
0:23 of 3rd period - Keith Tkachuk wins face-off versus Joe Sakic in Wild zone.
0:30 of 3rd period - Shot by Keith Tkachuk.
0:30 of 3rd period - Shot Misses the Net.
0:32 of 3rd period - Shot by Keith Tkachuk.
0:32 of 3rd period - Stopped by Manny Legace without a rebound.
0:33 of 3rd period - Brian Rolston wins face-off versus Jay Mcclement in Wild zone.
0:33 of 3rd period - Brian Rolston is hit by Brendan Shanahan.
0:43 of 3rd period - Shot by Brian Rolston.
0:43 of 3rd period - Stopped by Henrik Lundqvist without a rebound.
0:44 of 3rd period - Wes Walz wins face-off versus Keith Tkachuk in Thrashers zone.
0:45 of 3rd period - Shot by Mikael Samuelsson.
0:45 of 3rd period - Goal by Mikael Samuelsson - Thrashers : 0 - Wild : 4.
0:46 of 3rd period - Patrick Marleau wins face-off versus Wes Walz in neutral zone.
0:48 of 3rd period - Dany Heatley is hit by Kim Johnsson and loses puck.
1:06 of 3rd period - Shot by Dany Heatley.
1:06 of 3rd period - Deflect By Patrick Marleau.
1:06 of 3rd period - Shot Misses the Net.
1:10 of 3rd period - Shot by Dany Heatley.
1:10 of 3rd period - Deflect By Patrick Marleau.
1:10 of 3rd period - Goal by Patrick Marleau - Thrashers : 1 - Wild : 4.
1:11 of 3rd period - Joe Sakic wins face-off versus Keith Tkachuk in neutral zone.
1:24 of 3rd period - Shot by Joe Sakic.
1:24 of 3rd period - Stopped by Henrik Lundqvist without a rebound.
1:25 of 3rd period - Jay Mcclement wins face-off versus Rod Brind'Amour in Thrashers zone.
1:25 of 3rd period - Jay Mcclement is hit by Chris Higgins.
1:50 of 3rd period - Shot by Chris Higgins.
1:50 of 3rd period - Stopped by Henrik Lundqvist without a rebound.
1:51 of 3rd period - Joe Sakic wins face-off versus Patrick Marleau in Thrashers zone.
1:51 of 3rd period - Minor Penalty to Wade Redden for Hooking.
1:52 of 3rd period - Joe Sakic wins face-off versus Chris Kelly in Thrashers zone.
2:26 of 3rd period - Shot by Joe Sakic.
2:26 of 3rd period - Stopped by Henrik Lundqvist without a rebound.
2:27 of 3rd period - Chris Kelly wins face-off versus Rod Brind'Amour in Thrashers zone.
3:02 of 3rd period - Shot by Mathieu Schneider.
3:02 of 3rd period - Goal by Mathieu Schneider - Thrashers : 1 - Wild : 5.
3:03 of 3rd period - Wes Walz wins face-off versus Patrick Marleau in neutral zone.
3:08 of 3rd period - Brett Clark is hit by Chris Simon and loses puck.
3:18 of 3rd period - Minor Penalty to Brett Clark for Interference.
3:19 of 3rd period - Chris Kelly wins face-off versus Joe Sakic in Thrashers zone.
3:19 of 3rd period - Chris Kelly is hit by Joe Sakic.
4:17 of 3rd period - Off-side.
4:18 of 3rd period - Rod Brind'Amour wins face-off versus Jay Mcclement in neutral zone.
5:22 of 3rd period - Shot by Wes Walz.
5:22 of 3rd period - Goal by Wes Walz - Thrashers : 1 - Wild : 6.
5:23 of 3rd period - Patrick Marleau wins face-off versus Wes Walz in neutral zone.
5:59 of 3rd period - Minor Penalty to Kim Johnsson for Interference.
6:00 of 3rd period - Wes Walz wins face-off versus Keith Tkachuk in Wild zone.
6:10 of 3rd period - Icing by Dan Boyle.
6:11 of 3rd period - Rod Brind'Amour wins face-off versus Keith Tkachuk in Thrashers zone.
7:18 of 3rd period - Icing by Wade Redden.
7:19 of 3rd period - Rod Brind'Amour wins face-off versus Patrick Marleau in Thrashers zone.
7:52 of 3rd period - Shot by Patrick Marleau.
7:52 of 3rd period - Stopped by Manny Legace without a rebound.
7:53 of 3rd period - Patrick Marleau wins face-off versus Rod Brind'Amour in Wild zone.
8:13 of 3rd period - Shot by Brendan Shanahan.
8:13 of 3rd period - Stopped by Manny Legace without a rebound.
8:14 of 3rd period - Chris Kelly wins face-off versus Joe Sakic in Wild zone.
8:17 of 3rd period - Shot by Chris Kelly.
8:17 of 3rd period - Shot Misses the Net.
8:21 of 3rd period - Shot by Justin Williams.
8:21 of 3rd period - Stopped by Manny Legace without a rebound.
8:22 of 3rd period - Jay Mcclement wins face-off versus Wes Walz in Wild zone.
8:25 of 3rd period - Shot by Brendan Shanahan.
8:25 of 3rd period - Shot Blocked by Niclas Havelid.
8:35 of 3rd period - Shot by Jay Mcclement.
8:35 of 3rd period - Stopped by Manny Legace with a rebound.
8:40 of 3rd period - Patrick Eaves beats up Chris Simon.
8:40 of 3rd period - Penalty to Chris Simon for Fighting.
8:40 of 3rd period - Penalty to Patrick Eaves for Fighting.
8:40 of 3rd period - Penalty to Patrick Eaves for instigated a fight..
8:40 of 3rd period - Patrick Eaves is ejected from game.
8:41 of 3rd period - Joe Sakic wins face-off versus Chris Kelly in Wild zone.
9:14 of 3rd period - Shot by Jozef Stumpel.
9:14 of 3rd period - Shot Blocked by Dan Girardi.
9:16 of 3rd period - Shot by Michal Rozsival.
9:16 of 3rd period - Stopped by Henrik Lundqvist without a rebound.
9:17 of 3rd period - Rod Brind'Amour wins face-off versus Jay Mcclement in Thrashers zone.
9:17 of 3rd period - Rod Brind'Amour is hit by Brett Clark.
10:00 of 3rd period - Shot by Mathieu Schneider.
10:00 of 3rd period - Stopped by Henrik Lundqvist without a rebound.
10:01 of 3rd period - Joe Sakic wins face-off versus Chris Kelly in Thrashers zone.
10:25 of 3rd period - Shot by Marian Gaborik.
10:25 of 3rd period - Stopped by Henrik Lundqvist without a rebound.
10:26 of 3rd period - Rod Brind'Amour wins face-off versus Jay Mcclement in Thrashers zone.
10:39 of 3rd period - Shot by Chris Higgins.
10:39 of 3rd period - Shot Misses the Net.
10:43 of 3rd period - Shot by Wes Walz.
10:43 of 3rd period - Stopped by Henrik Lundqvist without a rebound.
10:44 of 3rd period - Wes Walz wins face-off versus David Backes in Thrashers zone.
11:07 of 3rd period - Shot by Patrick Marleau.
11:07 of 3rd period - Shot Misses the Net.
11:09 of 3rd period - Shot by David Backes.
11:09 of 3rd period - Shot Misses the Net.
11:11 of 3rd period - Shot by Brett Clark.
11:11 of 3rd period - Stopped by Manny Legace without a rebound.
11:12 of 3rd period - Keith Tkachuk wins face-off versus Brian Rolston in Wild zone.
11:32 of 3rd period - Shot by Keith Tkachuk.
11:32 of 3rd period - Stopped by Manny Legace with a rebound.
11:51 of 3rd period - Keith Tkachuk is hit by Michal Rozsival and loses puck.
12:18 of 3rd period - Shot by Jay Mcclement.
12:18 of 3rd period - Stopped by Manny Legace without a rebound.
12:19 of 3rd period - Wes Walz wins face-off versus Patrick Marleau in Wild zone.
12:24 of 3rd period - Wade Redden is hit by Wes Walz.
12:30 of 3rd period - Wes Walz is hit by Patrick Marleau and loses puck.
13:19 of 3rd period - Shot by Chris Higgins.
13:19 of 3rd period - Shot Misses the Net.
13:29 of 3rd period - Shot by Brian Rolston.
13:29 of 3rd period - Stopped by Henrik Lundqvist without a rebound.
13:30 of 3rd period - Jay Mcclement wins face-off versus Joe Sakic in Thrashers zone.
13:44 of 3rd period - Icing by Radek Martinek.
13:45 of 3rd period - Rod Brind'Amour wins face-off versus Jay Mcclement in Thrashers zone.
14:47 of 3rd period - Shot by Patrick Marleau.
14:47 of 3rd period - Shot Blocked by Michal Rozsival.
14:49 of 3rd period - Shot by Brett Clark.
14:49 of 3rd period - Shot Blocked by Philippe Boucher.
14:53 of 3rd period - Shot by Patrick Marleau.
14:53 of 3rd period - Stopped by Manny Legace without a rebound.
14:54 of 3rd period - Wes Walz wins face-off versus Chris Kelly in Wild zone.
15:10 of 3rd period - Minor Penalty to Mikael Samuelsson for Roughing.
15:11 of 3rd period - Rod Brind'Amour wins face-off versus Patrick Marleau in Thrashers zone.
15:23 of 3rd period - Off-side.
15:24 of 3rd period - Wes Walz wins face-off versus Keith Tkachuk in neutral zone.
16:15 of 3rd period - Shot by Patrick Marleau.
16:15 of 3rd period - Stopped by Manny Legace with a rebound.
17:22 of 3rd period - Icing by Jay Mcclement.
17:23 of 3rd period - Joe Sakic wins face-off versus Jay Mcclement in Thrashers zone.
17:26 of 3rd period - Shot by Mikael Samuelsson.
17:26 of 3rd period - Stopped by Henrik Lundqvist with a rebound.
19:17 of 3rd period - Shot by Jay Mcclement.
19:17 of 3rd period - Shot Blocked by Sean Hill.
19:21 of 3rd period - Shot by Patrick Marleau.
19:21 of 3rd period - Shot Misses the Net.
19:51 of 3rd period - Shot by Joe Sakic.
19:51 of 3rd period - Shot Blocked by Dan Girardi.


Output by the SimonT Hockey Simulator (STHS) for Stephane Roy -- Original Page W3C XHTML 1.0 Valid